 Dungeon Crawl Stone Soup version 0.22.1-2-g9c5b331383 (webtiles) character file.

332 McIrco the Sneak (level 6, -1/42 HPs)
             Began as a Vampire Enchanter on Jan 5, 2019.
             Slain by a human zombie (7 damage)
             ... in an ossuary.
             The game lasted 00:10:18 (8516 turns).

McIrco the Sneak (Vampire Enchanter)                Turns: 8516, Time: 00:10:20

Health: -1/42      AC:  3    Str:  7    XL:     6   Next: 26%
Magic:  6/10       EV: 14    Int: 17    God:
Gold:   140        SH:  0    Dex: 17    Spells: 7/10 levels left

rFire    . . .     SeeInvis +   e - +0 dagger (drain)
rCold    . . .     Gourm    .   (no shield)
rNeg     + . .     Faith    .   b - +0 robe
rPois    .         Spirit   .   (no helmet)
rElec    .         Reflect  .   (no cloak)
rCorr    .         Harm     .   (no gloves)
MR       .....                  u - +0 pair of boots (curse)
Stlth    ++++......             (no amulet)
HPRegen  0.14/turn              (no ring)
MPRegen  0.12/turn              (no ring)

@: very slightly contaminated
A: fangs 3, see invisible, unbreathing
a: Bat Form


You were in an ossuary.
You were not thirsty.

You visited 1 branch of the dungeon, and saw 4 of its levels.
You also visited: Ossuary.

You collected 140 gold pieces.

Inventory:

Hand Weapons
 a - a +1 dagger
 e - a +0 dagger of draining (weapon)
 s - a +0 blowgun
Missiles
 t - 17 poisoned needles
Armour
 b - a +0 robe (worn)
 h - a +2 ring mail of cold resistance
 u - a cursed +0 pair of boots (worn)
Scrolls
 i - 2 scrolls of remove curse {unknown}
 j - 3 scrolls of teleportation {unknown}
 l - a scroll of immolation {unknown}
 n - 3 scrolls of identify {unknown}
 o - a scroll of amnesia {unknown}
Potions
 c - 2 potions of cancellation {unknown}
 d - 2 potions of lignification {unknown}
 f - a potion of blood
 k - a potion of degeneration {unknown}
 m - a potion of heal wounds {unknown}
 p - a potion of resistance {unknown}
 q - a potion of flight {unknown}
 r - a potion of brilliance {unknown}
 v - a potion of haste {unknown}


   Skills:
 + Level 0.9 Fighting
 + Level 2.2 Short Blades
 + Level 3.2 Dodging
 + Level 7.9 Stealth
 + Level 2.8 Spellcasting
 + Level 5.5 Hexes
 + Level 0.8 Ice Magic


You had 7 spell levels left.
You knew the following spells:

 Your Spells              Type           Power        Failure   Level  Hunger
a - Corona                Hex            ###....      1%          1    #......
b - Ensorcelled Hibernat  Hex/Ice        ##....       7%          2    ##.....

Your spell library contained the following spells:

 Spells                   Type           Power        Failure   Level  Hunger
 Confuse                  Hex            ###.....     5%          3    ###....
 Tukima's Dance           Hex            ###.....     5%          3    ###....
 Dazzling Spray           Conj/Hex       ##....       17%         3    ###....


Dungeon Overview and Level Annotations

Branches:
Dungeon (4/15)
 Temple: D:4-7

Altars:


Innate Abilities, Weirdness & Mutations

You have razor-sharp teeth.
You have supernaturally acute eyesight. (SInv)
You can survive without breathing.


Message History

The human zombie hits you but does no damage.
You hit the human zombie.
The human zombie is lightly damaged.
The scorpion zombie hits you.
You hit the human zombie.
The human zombie is lightly damaged.
The human zombie barely misses you. The scorpion zombie hits you.
* * * LOW HITPOINT WARNING * * *
You hit the human zombie.
The human zombie is moderately damaged.
The human zombie barely misses you.
You barely miss the human zombie.
The human zombie is moderately damaged.
The scorpion zombie barely misses you. The human zombie hits you.
* * * LOW HITPOINT WARNING * * *
The human zombie stops glowing.
The human zombie hits you.
* * * LOW HITPOINT WARNING * * *
The human zombie hits you!
You die...

###8...8## ^#.......#
.'...8...# .#...#...#
#######'###########+##
.#...#..^#.....#.....#
.8...#..^'.....#.....#
.....#...#.....8.....#
...8######......@ZZ..#
.....#.!.#...........#
.8...#!M!###8.....8###
.#...#!??#...........#
###†###+##...........#
.#...# #.....8.....#
.'.∩.# +.....#.....#
.#...# #.....#.....#
###### #############


You could see a scorpion zombie and a human zombie.

Vanquished Creatures
  2 scorpions (Ossuary)
  A centaur skeleton (D:4)
  Terence (D:2)
  A big kobold zombie (Ossuary)
  4 gnolls (D:3)
  A howler monkey skeleton (D:3)
  4 adders
  A worm (D:2)
  2 dart slugs (D:1)
  4 leopard geckos
  3 orcs (D:3)
  A ball python (D:3)
  8 giant cockroaches
  4 goblins
  5 hobgoblins
  3 jackals (D:2)
  11 kobolds
  A quokka (D:3)
  7 bats
  4 frilled lizards
  A goblin zombie (Ossuary)
  A kobold zombie (Ossuary)
  5 rats
75 creatures vanquished.

Vanquished Creatures (others)
  A leopard gecko (D:1)
1 creature vanquished.

Grand Total: 76 creatures vanquished

Notes
Turn   | Place    | Note
-------+----------+-------------------------------------------
     0 | D:1      | McIrco the Vampire Enchanter began the quest for the Orb.
     0 | D:1      | Reached XP level 1. HP: 13/13 MP: 3/3
  2660 | D:1      | Reached XP level 2. HP: 12/19 MP: 5/5
  2743 | D:1      | Reached skill level 5 in Stealth
  2750 | D:1      | Learned a level 2 spell: Ensorcelled Hibernation
  4701 | D:1      | You fall through a shaft!
  5197 | D:2      | Noticed Terence
  5199 | D:2      | Killed Terence
  5199 | D:2      | Reached skill level 5 in Hexes
  5199 | D:2      | Reached XP level 3. HP: 24/24 MP: 6/6
  5957 | D:2      | Reached skill level 6 in Stealth
  5957 | D:2      | Reached XP level 4. HP: 30/30 MP: 7/7
  7245 | D:3      | Reached XP level 5. HP: 25/36 MP: 5/8
  7434 | D:3      | Reached skill level 7 in Stealth
  7843 | D:4      | Found a sand-covered staircase.
  8004 | Ossuary  | Entered an ossuary
  8238 | Ossuary  | Reached XP level 6. HP: 31/42 MP: 7/10
  8516 | Ossuary  | Slain by a human zombie

Skill      XL: |  1  2  3  4  5 |
---------------+----------------+-----
Stealth        | 5 6 7 |  7.9
Hexes          | 5 |  5.5
Short Blades   | 2 |  2.2
Dodging        | 3 |  3.2
Fighting       | |  0.9
Spellcasting   | |  2.8
Ice Magic      | |  0.8

Action                   |  1- 3 |  4- 6 || total
-------------------------+-------+-------++-------
Melee: Dagger            |   103 |   148 ||   251
       Bite              |     5 |     8 ||    13
 Cast: Corona            |    13 |    11 ||    24
       Ensorcelled Hiber |     1 |     9 ||    10
  Use: Potion            |     3 |     8 ||    11
       Scroll            |       |     1 ||     1
 Stab: Sleeping          |    15 |    24 ||    39
  Eat: Corpse            |     2 |       ||     2
Armor: Robe              |    22 |    12 ||    34
Dodge: Dodged            |    75 |    62 ||   137
